 Dungeon Crawl Stone Soup version 0.25-a0-701-gb30f108f01 (webtiles) character file.

Game seed: 6459052625727956537, levelgen mode: deterministic

149 kae the Ruffian (level 5, 0/40 HPs)
             Began as a Draconian Transmuter on Apr 3, 2020.
             Blown up by a goblin (29 damage)
             ... with a disintegration bolt
             ... on level 3 of the Dungeon.
             The game lasted 00:02:30 (3553 turns).

kae the Ruffian (Draconian Transmuter)              Turns: 3553, Time: 00:02:31

Health: 0/40       AC:  5    Str: 13    XL:     5   Next: 9%
Magic:  9/9        EV: 12    Int: 14    God:
Gold:   262        SH:  0    Dex: 11    Spells: 7/10 levels left

rFire    . . .     SeeInvis .     - Unarmed
rCold    . . .     Gourm    .   (no shield)
rNeg     . . .     Faith    .   (armour unavailable)
rPois    .         Spirit   .   (helmet restricted)
rElec    .         Reflect  .   (no cloak)
rCorr    .         Harm     .   (no gloves)
MR       .....                  (no boots)
Stlth    +.........             (no amulet)
HPRegen  0.13/turn              (no ring)
MPRegen  0.11/turn              (no ring)

@: no status effects
A: unfitting armour, cold-blooded, AC +5
a: no special abilities


You were on level 3 of the Dungeon.
You were not hungry.

You visited 1 branch of the dungeon, and saw 3 of its levels.

You collected 262 gold pieces.

Inventory:

Missiles
 a - 57 arrows
Jewellery
 e - an uncursed ring of positive energy {unknown}
Scrolls
 b - a scroll of teleportation
Potions
 f - 2 potions of haste
 h - a potion of brilliance {unknown}
 i - a potion of ambrosia {unknown}
 j - 3 potions of might {unknown}
Comestibles
 c - 5 rations


   Skills:
 - Level 1.1 Fighting
 - Level 1.7 Dodging
 * Level 4.6 Unarmed Combat
 + Level 3.0 Spellcasting
 + Level 3.1 Transmutations


You had 7 spell levels left.
You knew the following spells:

 Your Spells              Type           Power        Failure   Level  Hunger
a - Beastly Appendage     Tmut           ##....       6%          1    #......
b - Sticks to Snakes      Tmut           ##......     9%          2    ##.....

Your spell library contained the following spells:

 Spells                   Type           Power        Failure   Level  Hunger
 Spider Form              Tmut/Pois      #.........   34%         3    ###....
 Ice Form                 Ice/Tmut       #.......     75%         4    #####..
 Blade Hands              Tmut           ##........   86%         5    ######.


Dungeon Overview and Level Annotations

Branches:
Dungeon (3/15)

Altars:
Trog


Innate Abilities, Weirdness & Mutations

Your plain brown scales are hard. (AC +5)
You cannot fit into any form of body armour.
You are cold-blooded and may be slowed by cold attacks.


Message History

Okay, then.
You closely miss the phantom. The phantom hits you!
Casting: Beastly Appendage (safe; 6% risk of failure)
Confirm with . or Enter, or press ? or * to list all spells.
You create a snake!
You now have 57 arrows.
The phantom barely misses you. The phantom hits you.
The phantom blinks!
Your ball python barely misses the phantom.
The goblin zaps a wand.
Your ball python is blasted!!
Your ball python is blown up!
You closely miss the phantom.
The phantom hits you but does no damage.
The phantom blinks!
The goblin zaps a wand.
You barely resist.
There is a stone staircase leading up here.
You start resting.
The goblin is too close now for your liking.
The goblin zaps a wand.
You are blasted!
The goblin zaps a wand.
You are blasted!
Ouch! That really hurt!
You die...

#.#..'....
####.####....
#......###.#.
##########......#
#.#.
#.......##......#
#...
##.#####.##......#
###.
#........gW......#
#.
########.##......#
#. #@..##..#####
#. ######..# #.
#..# #. #g.#
#####.
#..#####.....
#W.##....####
#..##.#### #..##.#
#..##.#


You could see a phantom and a goblin.

Vanquished Creatures
  7 adders
  An ooze (D:2)
  3 dart slugs
  3 leopard geckos (D:3)
  6 orcs (D:3)
  2 ball pythons (D:2)
  9 bats
  2 giant cockroaches
  9 hobgoblins
  2 frilled lizards (D:3)
  10 goblins
  9 kobolds
  6 rats
69 creatures vanquished.

Notes
Turn   | Place    | Note
-------+----------+-------------------------------------------
     0 | D:1      | kae the Draconian Transmuter began the quest for the Orb.
     0 | D:1      | Reached XP level 1. HP: 16/16 MP: 3/3
   382 | D:1      | Reached XP level 2. HP: 23/23 MP: 3/5
  1429 | D:2      | Reached XP level 3. HP: 8/28 MP: 4/6
  1815 | D:2      | Reached skill level 4 in Unarmed Combat
  2066 | D:2      | Reached XP level 4. HP: 31/35 MP: 7/7
  2627 | D:3      | Found a bloodstained altar of Trog.
  3006 | D:3      | Noticed a phantom
  3103 | D:2      | Reached XP level 5. HP: 20/40 MP: 7/9
  3528 | D:3      | Learned a level 2 spell: Sticks to Snakes
  3553 | D:3      | Blown up by a goblin

Levels and vault maps discovered:
D:1:      psy_arrival_whirlpool, layout_basic
D:2:      layout_basic
D:3:      minmay_chambers_of_twos, layout_basic, bloody_trog, first_ration,
          chequers_garden, minmay_pentangle

Skill      XL: |  1  2  3  4  5 |
---------------+----------------+-----
Unarmed Combat | 4 |  4.6
Transmutations | 3 |  3.1
Spellcasting   | 3 |  3.0
Fighting       | |  1.1
Dodging        | |  1.7

Action                   |  1- 3 |  4- 6 || total
-------------------------+-------+-------++-------
Melee: Unarmed           |   115 |   131 ||   246
       Kick              |     9 |    11 ||    20
       Tailslap          |     8 |    12 ||    20
       Headbutt          |     4 |     7 ||    11
       Punch             |     1 |       ||     1
 Cast: Beastly Appendage |    18 |    15 ||    33
       Sticks to Snakes  |       |     1 ||     1
  Use: Scroll            |     3 |     2 ||     5
       Potion            |       |     3 ||     3
  Eat: Chunk             |     4 |     5 ||     9
Armor: Skin              |    51 |    41 ||    92
Dodge: Dodged            |    89 |    96 ||   185

Table legend:
 A = Non-vault XP
 B = Vault XP
 C = Vault XP percentage of total XP
 D = Non-vault monster count
 E = Vault monster count
 F = Vault count percentage of total count
                 A         B        C        D         E       F
            +---------+---------+-------+---------+---------+-------
      Total |     156 |      57 |  26.8 |      46 |      23 |  33.3
            +---------+---------+-------+---------+---------+-------
        D:1 |      24 |       0 |   0.0 |      14 |       0 |   0.0
        D:2 |      98 |       0 |   0.0 |      21 |       0 |   0.0
        D:3 |      34 |      57 |  62.6 |      11 |      23 |  67.6
            +---------+---------+-------+---------+---------+-------
